 Dungeon Crawl Stone Soup version 0.31-a0-232-gb1c03b2570 (webtiles) character file.

Game seed: 7506733799151522615

200 qw the Shooter (level 5, -5/45 HPs)
             Began as a Minotaur Hexslinger on July 7, 2023.
             Was an Initiate of Okawaru.
             Slain by an iguana (8 damage)
             ... on level 5 of the Dungeon.
             The game lasted 00:01:14 (3212 turns).

qw the Shooter (Minotaur Hexslinger)                Turns: 3212, Time: 00:01:15

Health: -5/45      AC:  5    Str: 13    XL:     5   Next: 48%
Magic:  5/5        EV: 11    Int: 10    God:    Okawaru [......]
Gold:   89         SH:  0    Dex: 20    Spells: 5/6 levels left

rFire   . . .        Y - +0 arbalest
rCold   . . .        (shield currently unavailable)
rNeg    . . .        l - +0 ring mail {rPois}
rPois   +            (helmet restricted)
rElec   .            (no cloak)
rCorr   .            (no gloves)
SInv    .            (no boots)
Will    +....        (no amulet)
Stlth   +            j - ring of Fun {Will+ Dex+6}
HPRegen 0.27/turn    (no ring)
MPRegen 0.09/turn

%: no passive effects
@: about to teleport
A: horns 2, retaliatory headbutt
a: Renounce Religion


You were on level 5 of the Dungeon.
You worshipped Okawaru.
Okawaru was noncommittal.
You visited 2 branches of the dungeon, and saw 6 of its levels.

You collected 169 gold pieces.
You spent 80 gold pieces at shops.


Innate Abilities, Weirdness & Mutations

You have a pair of horns on your head.
You reflexively headbutt those who attack you in melee.


   Skills:
 - Level 3.0 Fighting
 + Level 5.7 Ranged Weapons
 - Level 1.0 Armour
 - Level 2.1 Dodging
 - Level 1.0 Spellcasting
 - Level 2.0 Hexes


You had 5 spell levels left.
You knew the following spells:

 Your Spells              Type           Power      Damage    Failure   Level
a - Slow                  Hex            16%        N/A       32%         1

Your spell library contained the following spells:

 Spells                   Type           Power      Damage    Failure   Level
 Inner Flame              Hex/Fire       2%         N/A       82%         3
 Portal Projectile        Hex/Tloc       4%         N/A       82%         3
 Cause Fear               Hex            2%         N/A       97%         4

Inventory:

Hand Weapons
 Y - a +0 arbalest (weapon)
Armour
 l - a +0 ring mail of poison resistance (worn)
Jewellery
 j - the ring of Fun (left hand) {Will+ Dex+6}
   (You found it on level 3 of the Dungeon)

   [ring of dexterity]

   Dex:       It affects your dexterity (+6).
   Will:      It increases your willpower.
Scrolls
 a - a scroll of identify
 c - a scroll of teleportation
Potions
 b - a potion of cancellation {unknown}
 d - a potion of heal wounds {unknown}
 e - 2 potions of curing
 f - a potion of mutation {unknown}
 g - a potion of might
 k - 2 potions of enlightenment

Dungeon Overview and Level Annotations

Branches:
Dungeon (5/15)             Temple (1/1) D:4

Altars:
Ashenzari
Cheibriados
Dithmenos
Elyvilon
Fedhas
Gozag
Hepliaklqana
Kikubaaqudgha
Makhleb
Nemelex Xobeh
Okawaru
Qazlal
Ru
Trog
Uskayaw
Vehumet
Wu Jian
Xom
Yredelemnul
Zin
The Shining One

Shops:
D:3 (   D:4 !


Message History

The hound is almost dead.
The hound bites you. The iguana bites you! The hound bites you.
You shoot a bolt. The bolt closely misses the hound.
The hound closely misses you. The adder barely misses you.
The iguana barely misses you. You furiously retaliate!
You headbutt the iguana. The hound bites you. The adder closely misses you.
You furiously retaliate!
You headbutt the adder, but do no damage.
The iguana bites you!
A scorpion comes into view.
The hound barely misses you. The adder barely misses you.
You furiously retaliate!
You headbutt the adder. You shoot a bolt. The bolt hits the hound!
You kill the hound!
Okawaru accepts your kill.
The iguana hisses menacingly.
The iguana bites you! The adder bites you. The jackal closely misses you.
You furiously retaliate!
You headbutt the jackal.
You kill the jackal!
Okawaru accepts your kill.
The iguana bites you but does no damage.
The adder barely misses you.
3211 ||| READING 2 scrolls of teleportation.
As you read the scroll of teleportation, it crumbles to dust.
You feel strangely unstable. The adder closely misses you.
The jackal bites you.
An iguana comes into view.
The iguana bites you.
You shoot a bolt. The iguana hisses angrily.
The bolt hits the iguana but does no damage.
The iguana is moderately wounded.
The adder bites you but does no damage. The jackal closely misses you.
The iguana barely misses you. The adder barely misses you.
You furiously retaliate!
You headbutt the adder, but do no damage.
The jackal barely misses you. You furiously retaliate!
You headbutt the jackal.
You kill the jackal!
Okawaru accepts your kill. The iguana bites you!
You die...

.. .> .#
#.#. l......
## s#.#.#
##.##......
#...#...#.#$
#...%l......
#.<@S#
#.#...#
###.......
......$..
.........
##........
######.#. .#


You could see a scorpion, 2 iguanas and an adder.

Vanquished Creatures
  A hound (D:5)
  An orc wizard (D:4)
  3 adders
  4 worms
  2 dart slugs
  7 orcs
  8 ball pythons
  3 bats
  7 endoplasms
  3 giant cockroaches (D:1)
  17 goblins
  13 hobgoblins
  6 jackals
  A quokka (D:4)
  2 frilled lizards (D:1)
  5 kobolds
  4 rats
87 creatures vanquished.

Notes
Turn   | Place    | Note
-------+----------+-------------------------------------------
     0 | D:1      | qw the Minotaur Hexslinger began the quest for the Orb.
     0 | D:1      | Reached XP level 1. HP: 16/16 MP: 1/1
     0 | D:1      | 0 ||| qw: Version: 0.3-a-46-gb1f654a
     0 | D:1      | 0 ||| qw: Game counter: 2523
     0 | D:1      | 0 ||| qw: Melee chars always use a shield: true
     0 | D:1      | 0 ||| qw: God list: Okawaru
     0 | D:1      | 0 ||| qw: Allow faded altars: false
     0 | D:1      | 0 ||| qw: Do Orc after clearing Dungeon:15 true
     0 | D:1      | 0 ||| qw: Do second Lair branch before Depths: true
     0 | D:1      | 0 ||| qw: Lair rune preference: random
     0 | D:1      | 0 ||| qw: Goals: Normal
     0 | D:1      | 0 ||| PLANNING D:1-11
    66 | D:1      | 66 ||| FLEEEEING.
    81 | D:1      | Reached skill level 3 in Ranged Weapons
    81 | D:1      | Reached XP level 2. HP: 23/23 MP: 2/2
   363 | D:1      | 363 ||| Stepping ~*~*~tactically~*~*~ (outnumbered).
   874 | D:1      | 874 ||| DROPPING scroll of poison.
   959 | D:2      | Reached XP level 3. HP: 26/29 MP: 3/3
  1035 | D:2      | Reached skill level 4 in Ranged Weapons
  1154 | D:2      | Found a snail-covered altar of Cheibriados.
  1297 | D:2      | Reached XP level 4. HP: 31/36 MP: 4/4
  1301 | D:2      | 1301 ||| FLEEEEING.
  1302 | D:2      | 1302 ||| FLEEEEING.
  1303 | D:2      | 1303 ||| FLEEEEING.
  1601 | D:2      | 1601 ||| UPGRADING to +0 ring mail of poison resistance.
  1611 | D:2      | 1611 ||| DROPPING +0 robe.
  1612 | D:2      | 1612 ||| READING 2 scrolls labelled OLOIPHA MONIS.
  1613 | D:2      | 1613 ||| READING scroll labelled TEIXAGANNY.
  1614 | D:2      | 1614 ||| READING scroll labelled VOCLUOFAQA.
  1615 | D:2      | 1615 ||| READING scroll labelled ERUGOGR UMOA.
  1775 | D:3      | Found Digymale's Weapon Emporium.
  1779 | D:3      | Reached skill level 1 in Armour
  1785 | D:3      | 1785 ||| SHOPLISTING +9 arbalest "Piato" {flame, rF+ Will+
                  | Int-5 Dex+2} (929 gold, have 67).
  1815 | D:3      | Reached skill level 5 in Ranged Weapons
  1959 | D:3      | Identified the ring of Fun {Will+ Dex+6}
  2399 | D:3      | 2399 ||| DROPPING amulet of magic regeneration.
  2400 | D:3      | 2400 ||| UPGRADING to ring of Fun {Will+ Dex+6}.
  2401 | D:3      | 2401 ||| DRINKING 2 blue potions.
  2513 | D:4      | Found a staircase to the Ecumenical Temple.
  2514 | D:4      | 2514 ||| PLANNING TEMPLE
  2514 | D:4      | 2514 ||| READING scroll labelled ELISIAHUFA.
  2522 | Temple   | Entered the Ecumenical Temple
  2546 | Temple   | 2546 ||| PLANNING OKAWARU WORSHIP
  2603 | Temple   | Became a worshipper of Warmaster Okawaru
  2604 | Temple   | 2604 ||| PLANNING D:1-11
  2894 | D:4      | Reached skill level 3 in Fighting
  2894 | D:4      | Reached XP level 5. HP: 45/45 MP: 5/5
  3004 | D:4      | 3004 ||| SWAPPING to +0 arbalest.
  3005 | D:4      | 3005 ||| DROPPING +1 sling.
  3099 | D:4      | Found Unkiclo's Distillery.
  3113 | D:4      | 3113 ||| BUYING potion of curing (30 gold).
  3113 | D:4      | Bought a potion of curing for 30 gold pieces
  3113 | D:4      | 3113 ||| BUYING potion of enlightenment (50 gold).
  3113 | D:4      | Bought a potion of enlightenment for 50 gold pieces
  3157 | D:4      | 3157 ||| READING scroll labelled BOCRIJ NUFF.
  3158 | D:4      | 3158 ||| DRINKING 3 purple potions.
  3173 | D:4      | 3173 ||| DROPPING 2 potions of lignification.
  3203 | D:5      | Entered Level 5 of the Dungeon
  3210 | D:5      | HP: 8/45 [iguana (8)]
  3211 | D:5      | 3211 ||| READING 2 scrolls of teleportation.
  3211 | D:5      | HP: 3/45 [iguana (1)]
  3212 | D:5      | Slain by an iguana

Levels and vault maps discovered:
D:1:      minmay_arrival_four_loops, layout_basic
D:2:      cheibrodos_old_hovel, layout_loops_ring, basic_altar,
          minmay_goblin_outpost
D:3:      layout_basic, serial_shops, shop, amcnicky_mini_corridor_feature
D:4:      layout_gridville, minmay_temple_entry_butterflies, serial_shops, shop
D:5:      layout_cave_pools, st_stairs_2, uniq_blork_the_orc
Temple:   grunt_wide_crystal_templ

Skill      XL: |  1  2  3  4 |
---------------+-------------+-----
Ranged Weapons | 3 4 5 |  5.7
Fighting       | 2 3 |  3.0
Armour         | 1 |  1.0
Dodging        | |  2.1
Spellcasting   | |  1.0
Hexes          | |  2.0

Action                     |  1- 3 |  4- 6 || total
---------------------------+-------+-------++-------
   Fire: Sling             |   136 |   112 ||   248
         Arbalest          |       |    14 ||    14
    Use: Scroll            |       |     7 ||     7
         Potion            |       |     2 ||     2
 Armour: Robe              |     7 |     1 ||     8
         Ring mail         |       |    25 ||    25
  Dodge: Dodged            |    31 |    40 ||    71

Table legend:
 A = Non-vault XP
 B = Vault XP
 C = Vault XP percentage of total XP
 D = Non-vault monster count
 E = Vault monster count
 F = Vault count percentage of total count
                 A         B        C        D         E       F
            +---------+---------+-------+---------+---------+-------
      Total |     268 |      20 |   6.9 |      77 |      10 |  11.5
            +---------+---------+-------+---------+---------+-------
        D:1 |      39 |       0 |   0.0 |      22 |       0 |   0.0
        D:2 |      59 |      20 |  25.3 |      21 |      10 |  32.3
        D:3 |      47 |       0 |   0.0 |      15 |       0 |   0.0
        D:4 |      77 |       0 |   0.0 |      16 |       0 |   0.0
        D:5 |      46 |       0 |   0.0 |       3 |       0 |   0.0
            +---------+---------+-------+---------+---------+-------
